 Dungeon Crawl Stone Soup version 0.28.0 (webtiles) character file.

Game seed: 2739403859993643890

220 dolemite99 the Chopper (level 5, -7/41 HPs)
             Began as a Demonspawn Fighter on Feb 5, 2022.
             Was a Believer of Jiyva.
             Mangled by a gnoll (17 damage)
             ... on level 4 of the Dungeon.
             The game lasted 00:01:57 (3241 turns).

dolemite99 the Chopper (Demonspawn Fighter)         Turns: 3241, Time: 00:01:58

Health: -7/41      AC:  8    Str: 19    XL:     5   Next: 64%
Magic:  5/5        EV:  9    Int:  9    God:    Jiyva [**....]
Gold:   82         SH:  4    Dex: 12    Spells: 4/4 levels left

rFire   . . .      SeeInvis .   a - +0 war axe
rCold   . . .      Faith    .   c - +0 buckler
rNeg    . . .      Spirit   .   b - +0 scale mail
rPois   .          Reflect  .   (no helmet)
rElec   .          Harm     .   j - +0 cloak
rCorr   +          Rampage  .   e - +0 pair of gloves
Will    .....                   (no boots)
Stlth   ..........              (no amulet)
HPRegen 1.09/turn               (no ring)
MPRegen 0.39/turn               (no ring)

@: no status effects
A: demonic guardian 1
a: Renounce Religion


You were on level 4 of the Dungeon.
You worshipped Jiyva.
Jiyva was pleased with you.
You visited 1 branch of the dungeon, and saw 4 of its levels.

You collected 82 gold pieces.

Inventory:

Hand Weapons
 a - a +0 war axe (weapon)
Missiles
 f - 89 stones (quivered)
 i - 2 throwing nets
Armour
 b - a +0 scale mail (worn)
 c - a +0 buckler (worn)
 e - a +0 pair of gloves (worn)
 j - a +0 cloak (worn)
Scrolls
 h - 2 scrolls of holy word {unknown}
 k - a scroll of magic mapping {unknown}
Potions
 g - 2 potions of invisibility {unknown}
 l - a potion of curing {unknown}


   Skills:
 - Level 3.0 Fighting
 + Level 5.4 Axes
 - Level 2.6 Armour
 - Level 2.6 Shields


You had 4 spell levels left.
You didn't know any spells.
Your spell library was empty.

Dungeon Overview and Level Annotations

Branches:
Dungeon (4/15)
 Temple: D:4-7

Altars:
Jiyva


Innate Abilities, Weirdness & Mutations

A weak demonic guardian rushes to your aid.


Message History

You feel sick.
You hit the jackal.
The jackal is almost dead.
You feel sick. You block the jackal's attack.
The jackal bites you but does no damage.
You hit the jackal.
You kill the jackal!
You feel sick.
You are no longer poisoned.
You start resting.
HP restored.
You start waiting.
You hear a distant slurping noise.
You start waiting.
You hear a distant slurping noise. x2
Done waiting.
You start waiting.
Done waiting.
f - 90 stones (gained 1)
You now have 82 gold pieces (gained 17).
A gnoll is nearby!
The gnoll shouts!
You hear a shout!
You throw a stone. The stone closely misses the gnoll.
No target in view!
No target in view!
No target in view!
There is a stone staircase leading up here.
You closely miss the gnoll. The gnoll closely misses you.
You slash the gnoll!
The gnoll is heavily wounded.
The gnoll hits you with a +1 whip of electrocution!
A demonic guardian appears!
You hit the gnoll.
The gnoll is severely wounded.
The gnoll hits you but does no damage.
You are electrocuted!!
A demonic guardian appears!
Your ufetubus misses the gnoll. x2
The gnoll hits you with a +1 whip of electrocution.
* * * LOW HITPOINT WARNING * * *
You are electrocuted!
You die...

### #.. #.# #.#
#.##### #.##..
#.##.# # #5##.##.#
#.@g....# ####5####
#.# ####.####
#....g..## #+#
#........# ##.(.
#........# ##....
#........# ##.....
#.....(..####......


You could see a gnoll (ally target), a friendly shadow imp (summoned) and a
friendly ufetubus (summoned).

Vanquished Creatures
  An ogre (D:4)
  A scorpion (D:4)
  A gnoll (D:3)
  3 adders
  2 dart slugs (D:1)
  A giant cockroach (D:2)
  3 hobgoblins
  12 jackals
  2 quokkas
  2 frilled lizards
  5 kobolds
  8 rats
41 creatures vanquished.

Vanquished Creatures (collateral kills)
  A worm (D:2)
1 creature vanquished.

Vanquished Creatures (others)
  A worm (D:2)
  A bat (D:3)
  3 endoplasms
  2 hobgoblins (D:3)
  A ball python (D:3)
  A frilled lizard (D:2)
  A rat (D:3)
  11 fungi
  8 plants (D:2)
29 creatures vanquished.

Grand Total: 71 creatures vanquished

Notes
Turn   | Place    | Note
-------+----------+-------------------------------------------
     0 | D:1      | dolemite99 the Demonspawn Fighter began the quest for the
                  | Orb.
     0 | D:1      | Reached XP level 1. HP: 18/18 MP: 1/1
    35 | D:1      | Reached skill level 2 in Axes
   113 | D:1      | Gained mutation: A weak demonic guardian rushes to your
                  | aid. [demonic ancestry]
   113 | D:1      | Reached XP level 2. HP: 13/24 MP: 2/2
   933 | D:2      | Reached skill level 3 in Axes
   950 | D:2      | Reached XP level 3. HP: 5/29 MP: 3/3
  1734 | D:2      | Found a faded altar of an unknown god.
  1737 | D:2      | Prayed at the altar of an unknown god.
  1737 | D:2      | Became a worshipper of Jiyva Jaul the Shapeless
  1737 | D:2      | Reached * piety under Jiyva
  1946 | D:2      | Reached ** piety under Jiyva
  2553 | D:3      | Reached XP level 4. HP: 35/35 MP: 4/4
  2588 | D:3      | Reached skill level 4 in Axes
  2827 | D:4      | Noticed an ogre
  2834 | D:4      | Killed an ogre
  2835 | D:4      | Reached XP level 5. HP: 36/41 MP: 5/5
  2849 | D:4      | Noticed an ogre
  2865 | D:3      | Reached skill level 5 in Axes
  3241 | D:4      | Mangled by a gnoll

Illustrated notes

Levels and vault maps discovered:
D:1:      minmay_arrival_semitransparent, layout_loops_corners
D:2:      layout_loops_corners, shapermc_ecumenical_altar_mp_urbaneastern
D:3:      layout_loops_ring, minmay_box_of_dots
D:4:      layout_loops_corners, minmay_temple_entry_overgrown, serial_aquarium,
          aquarium_bridge_square [aquarium_subvault_wall,
          aquarium_subvault_wall, aquarium_subvault_bridge,
          aquarium_subvault_wall], aquarium_window_fake, aquarium_window_fake,
          aquarium_view_2f, aquarium_view_2c

Skill      XL: |  1  2  3  4  5 |
---------------+----------------+-----
Axes           | 2 3 4 5 |  5.4
Fighting       | |  3.0
Armour         | |  2.6
Shields        | |  2.6

Action                   |  1- 3 |  4- 6 || total
-------------------------+-------+-------++-------
Melee: War axe           |   100 |    29 ||   129
Throw: Stone             |    15 |     4 ||    19
  Use: Potion            |       |     1 ||     1
Armor: Scale mail        |    52 |     8 ||    60
Dodge: Dodged            |    52 |    16 ||    68
Block: Buckler           |    26 |     8 ||    34
